 Dungeon Crawl Stone Soup version 0.31-a0-145-g046c7d2549 (webtiles) character file.

Game seed: 5448042534066545169

788 Ijustatesigmund the Stinger (level 7, -4/67 HPs)
             Began as an Octopode Venom Mage on June 6, 2023.
             Slain by Edmund
             ... wielding a +1 flail of venom
              (5 damage)
             ... on level 4 of the Dungeon.
             The game lasted 00:09:18 (4963 turns).

Ijustatesigmund the Stinger (Octopode Venom Mage)   Turns: 4963, Time: 00:09:18

Health: -4/67      AC: 23    Str:  7    XL:     7   Next: 87%
Magic:  12/12      EV:  2    Int: 19    God:
Gold:   113        SH:  0    Dex: 13    Spells: 3/13 levels left

rFire   . . .        b - +0 demon blade
rCold   . . .        (no shield)
rNeg    . . .        (helmet currently unavailable)
rPois   +            e - amulet of magic regeneration
rElec   .            (no ring)
rCorr   .            (no ring)
SInv    .            (no ring)
Will    .....        (no ring)
Stlth   ++           (no ring)
HPRegen 0.31/turn    (no ring)
MPRegen 0.53/turn    (no ring)
                     (no ring)

%: no passive effects
@: lethally poisoned (-4 -> -4), tree-form
A: stationary, stasis, torment immunity, boosted hp, almost no armour,
(amphibious), 8 rings, (camouflage 1), (gelatinous body 1), (nimble swimmer 1),
(tentacles)
a: no special abilities


You were on level 4 of the Dungeon.
You were a tree.
You visited 1 branch of the dungeon, and saw 4 of its levels.

You collected 113 gold pieces.

Inventory:

Hand Weapons
 b - a +0 demon blade (weapon)
 i - a +4 quarterstaff of chaos
Jewellery
 e - an amulet of magic regeneration (around neck)
Wands
 j - a wand of flame (22)
Scrolls
 c - a scroll of teleportation
 g - a scroll of identify
Potions
 a - a potion of magic
 f - a potion of haste


   Skills:
 - Level 2.2 Fighting
 + Level 2.2 Long Blades
 - Level 2.0 Dodging
 - Level 2.6 Stealth
 + Level 3.8 Spellcasting
 + Level 2.2 Conjurations
 + Level 3.7 Transmutations
 + Level 3.1 Air Magic
 + Level 5.6 Poison Magic


You had 3 spell levels left.
You knew the following spells:

 Your Spells              Type           Power      Damage    Failure   Level
a - Sting                 Tmut/Pois      84%        1d7       1%          1
b - Poisonous Vapours     Pois/Air       40%        N/A       3%          2
c - Mephitic Cloud        Conj/Pois/Air  17%        N/A       10%         3
d - Olgreb's Toxic Radia  Pois           25%        N/A       14%         4

Your spell library contained the following spells:

 Spells                   Type           Power      Damage    Failure   Level
 Blink                    Tloc           6%         N/A       22%         2
 Manifold Assault         Tloc           3%         N/A       80%         4
 Storm Form               Tmut/Air       8%         N/A       100%        7


Dungeon Overview and Level Annotations

Branches:
Dungeon (4/15)
 Temple: D:4-7

Altars:
Xom

Annotations:
D:4 Edmund


Innate Abilities, Weirdness & Mutations

You are a tree.
Your roots penetrate the ground, keeping you stationary.
You cannot be teleported.
You are immune to unholy pain and torment.
Your maximum health is greatly increased.
You cannot wear most types of armour.
((You are amphibious.))
You can wear up to eight rings at the same time.
((Your skin changes colour to match your surroundings (Stealth+).))
((Your rubbery body absorbs attacks. (AC +1, EV +1)))
((You are camouflaged when in or above water. (Stealth+)))
((You have tentacles for arms and can constrict up to eight enemies at once.))


Message History

You turn into a tree.
Your roots penetrate the ground.
You lose your grip on Edmund.
You feel sick. Edmund hits you but does no damage.
The endoplasm hits you but does no damage.
You closely miss Edmund.
Edmund is heavily wounded.
You feel sick. Edmund hits you but does no damage.
The endoplasm hits you but does no damage.
You slash Edmund!
Edmund is severely wounded.
You feel sick.
Edmund hits you with a +1 flail of venom.
* * * LOW HITPOINT WARNING * * *
The endoplasm freezes you.
You are frozen.
* * * LOW HITPOINT WARNING * * *
Okay, then.
You slash Edmund!
Edmund is almost dead.
You feel sick. Edmund hits you but does no damage. The endoplasm freezes you.
You are frozen.
* * * LOW HITPOINT WARNING * * *
Unknown command.
You hit Edmund but do no damage.
Edmund is almost dead.
You feel sick. The endoplasm freezes you.
You are frozen.
* * * LOW HITPOINT WARNING * * *
Edmund hits you but does no damage.
Edmund hits you with a +1 flail of venom.
* * * LOW HITPOINT WARNING * * *
The endoplasm hits you but does no damage.
You barely miss Edmund.
Edmund is almost dead.
* * * LOW HITPOINT WARNING * * *
You feel sick.
Edmund looks more healthy.
Edmund hits you with a +1 flail of venom.
You die...

..#...)### .....?@'.#
.......#.###
######+#...♣♣♣♣♣♣♣♣♣##
#.......<...........#
#.........♣♣♣♣♣♣♣♣♣.#
#.............#...).#
#.............#.#####
#..........♣J.#.#
#..........@###.#
######...............#
..................####
.................>.#
♣......<#####.#....#
P######## ##P.P.##.#
#.♣P..##.# #..♣P....#


You could see Edmund and an endoplasm.

Vanquished Creatures
  Grinder (D:3)
  Sigmund (D:2)
  Menkaure (D:4)
  A scorpion (D:4)
  2 howler monkeys
  A jelly (D:3)
  Crazy Yiuf (D:3)
  Ijyb (D:4)
  4 adders
  2 worms
  8 orcs
  7 ball pythons
  6 endoplasms
  2 giant cockroaches
  10 goblins
  9 hobgoblins
  3 jackals (D:3)
  3 kobolds
  3 quokkas
  3 bats
  5 frilled lizards
  4 rats
78 creatures vanquished.

Vanquished Creatures (collateral kills)
  A frilled lizard (D:2)
1 creature vanquished.

Grand Total: 79 creatures vanquished

Notes
Turn   | Place    | Note
-------+----------+-------------------------------------------
     0 | D:1      | Ijustatesigmund the Octopode Venom Mage began the quest for
                  | the Orb.
     0 | D:1      | Reached XP level 1. HP: 11/11 MP: 3/3
    63 | D:1      | Reached XP level 2. HP: 18/18 MP: 0/5
    73 | D:1      | Learned a level 2 spell: Poisonous Vapours
  1163 | D:1      | Reached skill level 1 in Fighting
  1326 | D:2      | Reached XP level 3. HP: 23/23 MP: 3/6
  1351 | D:2      | Reached skill level 4 in Poison Magic
  1397 | D:2      | Found a shimmering altar of Xom.
  1426 | D:2      | HP: 1/23 [endoplasm (1)]
  1712 | D:2      | Noticed Sigmund
  1751 | D:2      | Killed Sigmund
  1752 | D:2      | Reached skill level 1 in Air Magic
  1752 | D:2      | Reached XP level 4. HP: 29/29 MP: 2/8
  1752 | D:2      | Reached XP level 5. HP: 34/34 MP: 2/9
  2418 | D:3      | Learned a level 3 spell: Mephitic Cloud
  2423 | D:3      | Learned a level 4 spell: Olgreb's Toxic Radiance
  2733 | D:3      | Reached XP level 6. HP: 34/39 MP: 10/10
  3077 | D:3      | Noticed Grinder
  3085 | D:3      | Killed Grinder
  3086 | D:3      | Reached skill level 1 in Long Blades
  3086 | D:3      | Reached skill level 1 in Conjurations
  3086 | D:3      | Reached skill level 5 in Poison Magic
  3204 | D:3      | Reached XP level 7. HP: 37/45 MP: 12/12
  3289 | D:3      | Found a runed translucent door.
  3290 | D:3      | Noticed Crazy Yiuf
  3304 | D:3      | Killed Crazy Yiuf
  3921 | D:4      | Noticed Menkaure
  4149 | D:4      | Killed Menkaure
  4417 | D:4      | Noticed Ijyb
  4423 | D:4      | Killed Ijyb
  4544 | D:4      | Noticed Edmund
  4962 | D:4      | HP: 2/67 [Edmund/+1 flail of venom (2)]
  4963 | D:4      | Slain by Edmund

Illustrated notes

Levels and vault maps discovered:
D:1:      dpeg_arrival_castle, layout_basic, amethyst_killhole,
          hangedman_abyss_or_decor_lesser_grid
D:2:      layout_loops_ring, basic_altar, uniq_sigmund
D:3:      layout_basic, minmay_misc_feat_x, uniq_grinder,
          uniq_crazy_yiuf_cottage
D:4:      layout_basic, minmay_temple_entry_large_hall, serial_forest,
          infiniplex_forest_clump_double, infiniplex_forest_clump_small,
          infiniplex_forest_clump_diagonal, infiniplex_forest_clump_tiny,
          infiniplex_forest_lined_room_2, infiniplex_forest_straight_3,
          infiniplex_forest_lined_ring, infiniplex_forest_straight_2,
          infiniplex_forest_clump_small, gammafunk_ghost_grave,
          minmay_manual_moon, uniq_pargi, uniq_eustachio, uniq_menkaure,
          uniq_ijyb, uniq_edmund

Skill      XL: |  1  2  3  4  5  6  7 |
---------------+----------------------+-----
Fighting       | 1 2 |  2.2
Poison Magic   | 4 5 |  5.6
Transmutations | 2 3 |  3.7
Air Magic      | 1 2 3 |  3.1
Spellcasting   | 3 |  3.8
Long Blades    | 1 2 |  2.2
Conjurations   | 1 2 |  2.2
Dodging        | |  2.0
Stealth        | |  2.6

Action                     |  1- 3 |  4- 6 |  7- 9 || total
---------------------------+-------+-------+-------++-------
  Melee: Unarmed           |     8 |       |       ||     8
         Constrict         |     8 |    13 |     9 ||    30
         Tentacles         |     9 |    13 |    10 ||    32
         Demon blade       |    39 |    44 |    29 ||   112
         Whip              |     3 |       |       ||     3
         Punch             |       |     1 |     1 ||     2
   Cast: Sting             |     4 |       |       ||     4
         Poisonous Vapours |    20 |    19 |     9 ||    48
         Olgreb's Toxic Ra |       |     1 |     2 ||     3
         Mephitic Cloud    |       |       |     3 ||     3
    Use: Scroll            |     3 |     4 |       ||     7
         Potion            |     3 |     1 |     3 ||     7
   Stab: Sleeping          |     2 |     2 |     2 ||     6
         Confused          |       |       |     3 ||     3
 Armour: Skin              |     6 |     1 |     9 ||    16
  Dodge: Dodged            |    24 |    28 |    19 ||    71

Table legend: (Time is in decaauts)
 A = Elapsed time spent in this place.
 B = Non-inter-level travel time spent in this place.
 C = Inter-level travel time spent in this place.
 D = Time resting spent in this place.
 E = Time spent auto-exploring this place.
 F = Levels seen in this place.
 G = Mean time per level.
                   A        B        C        D        E       F      G
               +--------+--------+--------+--------+--------+-----+--------+
         Total |   4961 |   4811 |    150 |   1964 |   2271 |   4 | 1240.2 |
       Dungeon |   4961 |   4811 |    150 |   1964 |   2271 |   4 | 1240.2 |
               +--------+--------+--------+--------+--------+-----+--------+

Top non-repeatable levels by time:
     D:3: 2144 daAuts
     D:1: 1405 daAuts
     D:2: 965 daAuts
     D:4: 445 daAuts
